 Dungeon Crawl Stone Soup version 0.30-a0-715-gdb4ae3ece1 (webtiles) character file.

Game seed: 16742920402168934826

7 browni3141 the Caller (level 2, -1/25 HPs)
             Began as a Naga Summoner on Jan 24, 2023.
             Slain by a gnoll
             ... wielding a +0 halberd
              (16 damage)
             ... on level 2 of the Dungeon.
             The game lasted 00:01:09 (259 turns).

browni3141 the Caller (Naga Summoner)                Turns: 259, Time: 00:01:09

Health: -1/25      AC:  1    Str: 10    XL:     2   Next: 4%
Magic:  0/5        EV:  9    Int: 15    God:
Gold:   10         SH:  0    Dex: 11    Spells: 4/5 levels left

rFire   . . .      SeeInvis +    (no weapon)
rCold   . . .      Faith    .    (no shield)
rNeg    . . .      Spirit   .    a - +0 robe
rPois   +          Reflect  .    (no helmet)
rElec   .          Harm     .    (no cloak)
rCorr   .          Rampage  .    (no gloves)
Will    .....                    (no barding)
Stlth   ++                       (no amulet)
HPRegen 0.24/turn                (no ring)
MPRegen 0.09/turn                (no ring)

@: short of breath, very slow
A: AC +0, large, see invisible, deformed body, poison resistance, slowness 2,
spit poison 1, naga tail 1
a: Spit Poison


You were on level 2 of the Dungeon.
You visited 1 branch of the dungeon, and saw 2 of its levels.

You collected 10 gold pieces.

Inventory:

Missiles
 c - a throwing net
Armour
 a - a +0 robe (worn)
Scrolls
 d - a scroll of identify {unknown}
Potions
 b - 3 potions of magic


   Skills:
 - Level 1.0 Fighting
 - Level 1.5 Dodging
 - Level 3.0 Stealth
 - Level 2.0 Spellcasting
 * Level 4.2 Summonings


You had 4 spell levels left.
You knew the following spells:

 Your Spells              Type           Power      Damage    Failure   Level
a - Summon Small Mammal   Summ           56%        N/A       4%          1

Your spell library contained the following spells:

 Spells                   Type           Power      Damage    Failure   Level
 Call Imp                 Summ           14%        N/A       6%          2
 Call Canine Familiar     Summ           14%        N/A       12%         3
 Summon Guardian Golem    Hex/Summ       7%         N/A       28%         3
 Summon Lightning Spire   Summ/Air       7%         N/A       67%         4


Dungeon Overview and Level Annotations

Branches:
Dungeon (1/15)

Altars:


Innate Abilities, Weirdness & Mutations

Your serpentine skin is tough. (AC +0)
You have supernaturally acute eyesight. (SInv)
Armour fits poorly on your strangely shaped body.
Your system is resistant to poisons. (rPois)
You cover ground very slowly.
You can spit poison.
You have a snake-like lower body.


Message History

The gnoll is heavily wounded.
The goblin shoots a sling bullet.
The sling bullet closely misses you.
The goblin shoots a sling bullet.
The sling bullet barely misses you.
The gnoll hits something with a +0 halberd.
You have got your breath back.
The goblin shoots a sling bullet.
The sling bullet barely misses you.
The goblin shoots a sling bullet.
The sling bullet hits you.
Aiming: Spit Poison (2% risk of failure)
Press: ? - help, Shift-Dir - straight line, f/p - gnoll
Aim: a gnoll, wielding a +0 halberd (moderately wounded, 65% to hit)
The splash of poison misses the gnoll.
The gnoll closely misses you. The gnoll closely misses you.
The goblin shoots a sling bullet.
The sling bullet misses you.
You hear an angry hiss.
The hobgoblin attacks as you move away! The hobgoblin hits you.
The goblin shoots a sling bullet.
The sling bullet hits you.
Your quokka closely misses the hobgoblin.
You have got your breath back.
Your quokka barely misses the hobgoblin.
The gnoll hits your quokka with a +0 halberd.
The hobgoblin closely misses you.
Your quokka closely misses the hobgoblin.
The gnoll hits your quokka with a +0 halberd!
Your quokka dies!
Your quokka's corpse disappears in a puff of smoke!
The hobgoblin closely misses you. The hobgoblin barely misses you.
The hobgoblin attacks as you move away! The hobgoblin hits you.
Your rat closely misses the hobgoblin.
Aiming: Spit Poison (2% risk of failure)
Press: ? - help, Shift-Dir - straight line, f - gnoll
Aim: a gnoll, wielding a +0 halberd (moderately wounded, 65% to hit)
The splash of poison hits the hobgoblin.
The hobgoblin is poisoned.
You kill the hobgoblin!
Your rat bites the goblin.
The gnoll hits you from afar with a +0 halberd!
Ouch! That really hurt!
You die...

.. .. #♣♣ ... #.♣ ♣♣.♣
#####.♣♣ ... ..#
#..g...♣♣♣♣♣♣.♣ ..
#....♣♣...§♣.♣♣ .#
.#......♣.....g###.#####
.'†...........g.@.....>##
(#........##...r)........
#........##.............
#....†...##........†..^.
#†.......###.....####.##
#........# #####.# #
#........# #.#
..##############.#
........####


You could see a gnoll (ally target), a goblin and a friendly rat (summoned).

Vanquished Creatures
  An endoplasm (D:1)
  A hobgoblin (D:2)
2 creatures vanquished.

Vanquished Creatures (collateral kills)
  2 hobgoblins
  A kobold (D:1)
  A frilled lizard (D:2)
  2 rats (D:2)
6 creatures vanquished.

Vanquished Creatures (others)
  2 plants (D:2)
2 creatures vanquished.

Grand Total: 10 creatures vanquished

Notes
Turn   | Place    | Note
-------+----------+-------------------------------------------
     0 | D:1      | browni3141 the Naga Summoner began the quest for the Orb.
     0 | D:1      | Reached XP level 1. HP: 15/15 MP: 3/3
    95 | D:1      | Reached skill level 1 in Fighting
   138 | D:1      | You fall into a shaft and drop 1 floor!
   244 | D:2      | Reached XP level 2. HP: 21/25 MP: 0/5
   259 | D:2      | Slain by a gnoll

Illustrated notes

Levels and vault maps discovered:
D:1:      roderic_octagonal_star, layout_basic
D:2:      layout_basic, chequers_ecumenical_altar_grove, basic_altar,
          serial_bayou_lake_a

Skill      XL: |  1 |
---------------+----+-----
Fighting       | 1 |  1.0
Dodging        | |  1.5
Stealth        | |  3.0
Spellcasting   | |  2.0
Summonings     | |  4.2

Action                     || total
---------------------------++-------
  Melee: Unarmed           ||     7
   Cast: Summon Small Mamm ||    14
Ability: Spit Poison       ||     5
 Armour: Robe              ||     1
  Dodge: Dodged            ||    16

Table legend: (Time is in decaauts)
 A = Elapsed time spent in this place.
 B = Non-inter-level travel time spent in this place.
 C = Inter-level travel time spent in this place.
 D = Time resting spent in this place.
 E = Time spent auto-exploring this place.
 F = Levels seen in this place.
 G = Mean time per level.
                   A        B        C        D        E       F      G
               +--------+--------+--------+--------+--------+-----+--------+
         Total |    290 |    290 |      0 |     31 |    166 |   2 |  145.0 |
       Dungeon |    290 |    290 |      0 |     31 |    166 |   2 |  145.0 |
               +--------+--------+--------+--------+--------+-----+--------+

Top non-repeatable levels by time:
     D:1: 152 daAuts
     D:2: 137 daAuts
